 Dungeon Crawl Stone Soup version bcrawl-1.18.1 (webtiles) character file.

Game seed: 4963866754660049807

146 Mrkan the Skirmisher (level 5, 0/48 HPs)
             Began as a Hill Orc Fighter on Nov 5, 2019.
             Was an Initiate of Beogh.
             Slain by an orc
             ... wielding a +0 short sword
              (5 damage)
             ... on level 4 of the Dungeon.
             The game lasted 00:03:36 (3403 turns).

Mrkan the Skirmisher (Hill Orc Fighter)             Turns: 3403, Time: 00:03:36

Health: 0/48       AC:  7    Str: 19    XL:     5   Next: 28%
Magic:  5/5        EV:  7    Int:  8    God:    Beogh [......]
Gold:   158        SH: 10    Dex: 11    Spells: 4/4 levels left

rFire    . . .     SeeInvis .   a - +0 long sword
rCold    . . .     Gourm    .   c - +0 shield
rNeg     . . .     Faith    .   b - +0 scale mail
rPois    .         Spirit   .   (no helmet)
rElec    .         Reflect  .   (no cloak)
rCorr    .         Harm     .   (no gloves)
MR       .....                  (no boots)
Stlth    ..........             (no amulet)
HPRegen  0.16/turn              (no ring)
MPRegen  0.09/turn              (no ring)

@: no status effects
A: no striking features
a: Renounce Religion


You were on level 4 of the Dungeon.
You worshipped Beogh.
Beogh was noncommittal.
You were not hungry.

You visited 1 branch of the dungeon, and saw 4 of its levels.

You collected 158 gold pieces.

Inventory:

Hand Weapons
 a - a +0 long sword (weapon)
Armour
 b - a +0 scale mail (worn)
 c - a +0 shield (worn)
Jewellery
 k - a +6 ring of evasion {unknown}
 l - an uncursed amulet of rage {unknown}
 o - an uncursed ring of stealth {unknown}
 r - an uncursed amulet of magic regeneration {unknown}
Scrolls
 e - a scroll of blinking {unknown}
 g - a scroll of amnesia {unknown}
 j - a scroll of teleportation {unknown}
 m - 2 scrolls of identify {unknown}
 q - 2 scrolls of remove curse {unknown}
 s - a scroll of enchant armour {unknown}
Potions
 d - a potion of might
 h - 3 potions of curing {unknown}
 i - 2 potions of heal wounds {unknown}
 n - a potion of lignification {unknown}
 p - a potion of flight {unknown}
 u - a potion of brilliance {unknown}
 v - a potion of agility {unknown}
Comestibles
 f - 5 rations {!d}


   Skills:
 * Level 5.1 Fighting
   Level 5.1 Short Blades
   Level 5.1 Long Blades
   Level 5.1 Axes
   Level 5.1 Maces & Flails
   Level 5.1 Polearms
   Level 5.1 Staves
 + Level 4.2 Armour
 + Level 4.2 Shields
   Level 5.1 Unarmed Combat


You had 4 spell levels left.
You didn't know any spells.
Your spell library contained the following spells:

 Spells                   Type           Power        Failure   Level  Hunger
 Summon Small Mammal      Summ           #...         99%         1    ##.....
 Call Imp                 Summ           #.....       100%        2    ###....
 Call Canine Familiar     Summ           #.......     100%        3    ####...
 Summon Ice Beast         Ice/Summ       #.......     100%        4    #####..
 Summon Lightning Spire   Summ/Air       #.......     100%        5    ######.


Dungeon Overview and Level Annotations

Branches:
Dungeon (4/12)
 Temple: D:4-7

Altars:
Trog


Message History

The orc priest hits you with a +0 flail!
You block the orc's attack.
You hit the orc priest.
The orc priest is moderately wounded.
The orc hits you but does no damage. The orc hits you with a +0 trident.
The orc hits you but does no damage.
The orc priest hits you with a +0 flail.
You hit the orc priest.
The orc priest is heavily wounded.
You block the orc's attack. The orc hits you with a +0 trident.
The orc hits you but does no damage.
The orc priest invokes the aid of Beogh against you.
Beogh smites you!
* * * LOW HITPOINT WARNING * * *
You barely miss the orc priest.
The orc priest is heavily wounded.
The orc hits you but does no damage. The orc barely misses you.
The orc hits you with a +0 short sword.
You die...
Beogh appreciates the orc's killing of a heretic priest.

#........# ##.>......###
## ........... .
#........# #........#
###.$......#
###....ooo...###
#######...#..o@.!.....
###............†.....###
...).......##........#
.###.......#######l###
## #.......# ..#
#.......# #..# #.......#
#.# #.......# ..
###.##### ..


You could see an orc priest, 3 orcs and a leopard gecko.

Vanquished Creatures
  6 gnolls
  3 adders (D:3)
  An ooze (D:2)
  An adder skeleton (D:3)
  2 worms (D:3)
  A dart slug (D:2)
  A leopard gecko (D:2)
  7 orcs
  A giant cockroach (D:3)
  4 goblins
  2 jackals (D:2)
  3 quokkas
  2 ball pythons (D:2)
  5 bats
  2 frilled lizards
  5 kobolds
  4 rats (D:2)
50 creatures vanquished.

Notes
Turn   | Place    | Note
-------+----------+-------------------------------------------
     0 | D:1      | Mrkan the Hill Orc Fighter began the quest for the Orb.
     0 | D:1      | Reached XP level 1. HP: 20/20 MP: 1/1
   870 | D:2      | HP: 1/20 [gnoll/+0 spear (1)]
  1169 | D:1      | Reached XP level 2. HP: 27/28 MP: 2/2
  1183 | D:2      | Reached XP level 3. HP: 34/34 MP: 3/3
  1576 | D:2      | Reached XP level 4. HP: 19/41 MP: 4/4
  2615 | D:3      | Reached skill level 5 in Fighting
  2615 | D:3      | Reached XP level 5. HP: 35/48 MP: 5/5
  2831 | D:3      | Found a bloodstained altar of Trog.
  3366 | D:4      | Became a worshipper of Beogh the Brigand
  3403 | D:4      | Slain by an orc

Skill      XL: |  1  2  3  4 |
---------------+-------------+-----
Armour         | 4 |  4.2
Shields        | 4 |  4.2
Fighting       | 5 |  5.1
Short Blades   | |  5.1
Long Blades    | |  5.1
Axes           | |  5.1
Maces & Flails | |  5.1
Polearms       | |  5.1
Staves         | |  5.1
Unarmed Combat | |  5.1

Action                   |  1- 3 |  4- 6 || total
-------------------------+-------+-------++-------
Melee: Long sword        |    78 |   135 ||   213
Invok: Convert to Beogh  |       |     1 ||     1
  Eat: Chunk             |     2 |     6 ||     8
Armor: Scale mail        |    17 |    53 ||    70
Dodge: Dodged            |    18 |    38 ||    56
Block: Shield            |    50 |    78 ||   128
